ESL (28 & UNDER)
PENQUANNOCK OVERRATED JETER @ BUFFALO LIGHTSABRES
04/23/2029
 
TOP OF THE 1ST
Penquannock Overrated Jeter batting - Pitching for Buffalo LightSabres : RHP Joe Hopkins
Pitching: RHP Joe Hopkins
Batting: RHB Phil Wright 0-0: Called Strike
0-1: Ball
1-1: Ball
2-1: SINGLE (Groundball, 34) (infield hit)
Batting: RHB Bernardo Enríquez 0-0: Ball
1-0: 2-RUN HOME RUN (Flyball, 78XD), Distance : 428 ft
Batting: LHB Félix Costa 0-0: Swinging Strike
0-1: Ball
1-1: Swinging Strike
1-2: Foul Ball, location: 2F
1-2: Strikes out swinging
Batting: SHB Cristián López 0-0: Foul Ball, location: 2F
0-1: Ball
1-1: Ball
2-1: Ball
3-1: SINGLE (Flyball, 78M)
Batting: LHB Pete Weber 0-0: Ball
1-0: Called Strike
1-1: Grounds into double play, 6-4-3 (Groundball, 6M)
Top of the 1st over - 2 runs, 3 hits, 0 errors, 0 left on base; Penquannock 2 - Buffalo 0
BOTTOM OF THE 1ST
Buffalo LightSabres batting - Pitching for Penquannock Overrated Jeter : LHP Héctor Díaz
Pitching: LHP Héctor Díaz
Batting: RHB Lou Hammond 0-0: Called Strike
0-1: Foul Ball, location: 2F
0-2: Foul Ball, location: 2F
0-2: Strikes out swinging
Batting: RHB Mike Wagner 0-0: Foul Ball, location: 2F
0-1: Foul Ball, location: 2F
0-2: Fly out, F8 (Flyball, 89D)
Batting: RHB Sean White 0-0: Called Strike
0-1: Ball
1-1: Ball
2-1: SINGLE (Line Drive, 78S)
Batting: RHB Mario Solís 0-0: Called Strike
0-1: Ball
1-1: Called Strike
Sean White steals 2nd base
1-2: Ball
2-2: SINGLE (Line Drive, 7LS)
Sean White to third
Runner from 3rd tries for Home, throw and OUT!
Bottom of the 1st over - 0 runs, 2 hits, 0 errors, 1 left on base; Penquannock 2 - Buffalo 0
TOP OF THE 2ND
Penquannock Overrated Jeter batting - Pitching for Buffalo LightSabres : RHP Joe Hopkins
Batting: LHB Matt Reese 0-0: Called Strike
0-1: Fly out, F7 (Line Drive, 7)
Batting: SHB Francisco Ávila 0-0: Foul Ball, location: 2F
0-1: DOUBLE (Flyball, 8LD)
Batting: RHB Manny Perea 0-0: Ball
1-0: Called Strike
1-1: Ball
2-1: Swinging Strike
2-2: Ball
3-2: Foul Ball, location: 2F
3-2: Base on Balls
Batting: LHB Pepe González 0-0: Ball
1-0: Foul Ball, location: 2F
1-1: Ball
2-1: Called Strike
2-2: Fly out, F5 (Popup, 56S)
Batting: RHB Phil Wright 0-0: 3-RUN HOME RUN (Flyball, 9LD), Distance : 344 ft
Batting: RHB Bernardo Enríquez 0-0: Swinging Strike
0-1: Swinging Strike
0-2: Ball
1-2: Strikes out swinging
Top of the 2nd over - 3 runs, 2 hits, 0 errors, 0 left on base; Penquannock 5 - Buffalo 0
BOTTOM OF THE 2ND
Buffalo LightSabres batting - Pitching for Penquannock Overrated Jeter : LHP Héctor Díaz
Batting: RHB Jorge Castillo 0-0: Ball
1-0: Called Strike
1-1: Foul Ball, location: 2F
1-2: Foul Ball, location: 2F
1-2: Fly out, F8 (Flyball, 8LXD)
Batting: RHB Donato Gozende 0-0: Ball
1-0: Ball
2-0: Swinging Strike
2-1: Foul Ball, location: 2F
2-2: Strikes out swinging
Batting: LHB Emílio Montoya 0-0: Ball
1-0: Called Strike
1-1: Ball
2-1: Ball
3-1: SINGLE (Line Drive, 56D)
Batting: RHB Huub Stolk 0-0: Called Strike
0-1: Fielders Choice at 2nd, 6-4 (Groundball, 56)
Bottom of the 2nd over - 0 runs, 1 hit, 0 errors, 1 left on base; Penquannock 5 - Buffalo 0
TOP OF THE 3RD
Penquannock Overrated Jeter batting - Pitching for Buffalo LightSabres : RHP Joe Hopkins
Batting: LHB Félix Costa 0-0: Swinging Strike
0-1: Called Strike
0-2: Ball
1-2: Strikes out swinging
Batting: SHB Cristián López 0-0: Called Strike
0-1: SINGLE (Groundball, 34D)
Batting: LHB Pete Weber 0-0: Ball
1-0: SINGLE (Line Drive, 6)
Cristián López to second
Batting: LHB Matt Reese 0-0: Called Strike
0-1: Ball
1-1: Ball
2-1: Foul Ball, location: 2F
2-2: Ball
3-2: Base on Balls
Cristián López to third
Pete Weber to second
Batting: SHB Francisco Ávila 0-0: Swinging Strike
0-1: Ball
1-1: Called Strike
1-2: Strikes out swinging
Batting: RHB Manny Perea 0-0: Ball
1-0: Swinging Strike
1-1: Ball
2-1: Ball
3-1: Foul Ball, location: 2F
3-2: Base on Balls
Cristián López scores
Pete Weber to third
Matt Reese to second
Batting: LHB Pepe González 0-0: Ball
1-0: DOUBLE (Line Drive, 8RD)
Pete Weber scores
Matt Reese scores
Manny Perea to third
Runner from 3rd tries for Home, SAFE, no throw
Batting: RHB Phil Wright 0-0: Fly out, F9 (Flyball, 89M)
Top of the 3rd over - 4 runs, 3 hits, 0 errors, 1 left on base; Penquannock 9 - Buffalo 0
BOTTOM OF THE 3RD
Buffalo LightSabres batting - Pitching for Penquannock Overrated Jeter : LHP Héctor Díaz
Batting: RHB Pedro Romero 0-0: Ball
1-0: Ball
2-0: Fly out, F7 (Flyball, 7S)
Batting: RHB Lou Hammond 0-0: Ball
1-0: Ball
2-0: Ground out 6-3 (Groundball, 6)
Batting: RHB Mike Wagner 0-0: Swinging Strike
0-1: Called Strike
0-2: Ball
1-2: Ball
2-2: Foul Ball, location: 2F
2-2: Foul Ball, location: 2F
2-2: Foul Ball, location: 2F
2-2: Strikes out swinging
Bottom of the 3rd over - 0 runs, 0 hits, 0 errors, 0 left on base; Penquannock 9 - Buffalo 0
TOP OF THE 4TH
Penquannock Overrated Jeter batting - Pitching for Buffalo LightSabres : RHP Joe Hopkins
Batting: RHB Bernardo Enríquez 0-0: Ball
1-0: Called Strike
1-1: Called Strike
1-2: Strikes out swinging
Batting: LHB Félix Costa 0-0: Called Strike
0-1: Foul Ball, location: 2F
0-2: Ball
1-2: Foul Ball, location: 2F
1-2: Ground out 4-3 (Groundball, 4)
Batting: SHB Cristián López 0-0: Ball
1-0: Ball
2-0: Called Strike
2-1: Swinging Strike
2-2: Strikes out swinging
Top of the 4th over - 0 runs, 0 hits, 0 errors, 0 left on base; Penquannock 9 - Buffalo 0
BOTTOM OF THE 4TH
Buffalo LightSabres batting - Pitching for Penquannock Overrated Jeter : LHP Héctor Díaz
Batting: RHB Sean White 0-0: Ball
1-0: Called Strike
1-1: Foul Ball, location: 2F
1-2: Ball
2-2: Ball
3-2: Strikes out swinging
Batting: RHB Mario Solís 0-0: Called Strike
0-1: Ball
1-1: Foul Ball, location: 2F
1-2: Strikes out looking
Batting: RHB Jorge Castillo 0-0: Ball
1-0: Ball
2-0: SINGLE (Flyball, 78M)
Batting: RHB Donato Gozende 0-0: Foul Ball, location: 2F
0-1: Ball
1-1: Fielders Choice at 2nd, 6-4 (Groundball, 6)
Bottom of the 4th over - 0 runs, 1 hit, 0 errors, 1 left on base; Penquannock 9 - Buffalo 0
TOP OF THE 5TH
Penquannock Overrated Jeter batting - Pitching for Buffalo LightSabres : RHP Joe Hopkins
Batting: LHB Pete Weber 0-0: Fly out, F7 (Line Drive, 7)
Batting: LHB Matt Reese 0-0: Ball
1-0: Foul Ball, location: 2F
1-1: Called Strike
1-2: Ball
2-2: Strikes out swinging
Batting: SHB Francisco Ávila 0-0: Called Strike
0-1: Called Strike
0-2: Strikes out looking
Top of the 5th over - 0 runs, 0 hits, 0 errors, 0 left on base; Penquannock 9 - Buffalo 0
BOTTOM OF THE 5TH
Buffalo LightSabres batting - Pitching for Penquannock Overrated Jeter : LHP Héctor Díaz
Batting: LHB Emílio Montoya 0-0: Foul Ball, location: 2F
0-1: Ball
1-1: Ball
2-1: Called Strike
2-2: Ball
3-2: Ground out 6-3 (Groundball, 6)
Batting: RHB Huub Stolk 0-0: Ball
1-0: Ball
2-0: Called Strike
2-1: Ball
3-1: Ground out U3 (Groundball, 3S)
Batting: RHB Pedro Romero 0-0: Ball
1-0: Fly out, F9 (Flyball, 89S)
Bottom of the 5th over - 0 runs, 0 hits, 0 errors, 0 left on base; Penquannock 9 - Buffalo 0
TOP OF THE 6TH
Penquannock Overrated Jeter batting - Pitching for Buffalo LightSabres : RHP Joe Hopkins
Batting: RHB Manny Perea 0-0: Ball
1-0: Called Strike
1-1: Ball
2-1: Called Strike
2-2: Fly out, F6 (Line Drive, 6)
Batting: LHB Pepe González 0-0: Called Strike
0-1: Called Strike
0-2: Strikes out looking
Batting: RHB Phil Wright 0-0: Called Strike
0-1: Fly out, F7 (Line Drive, 7S)
Top of the 6th over - 0 runs, 0 hits, 0 errors, 0 left on base; Penquannock 9 - Buffalo 0
BOTTOM OF THE 6TH
Buffalo LightSabres batting - Pitching for Penquannock Overrated Jeter : LHP Héctor Díaz
Batting: RHB Lou Hammond 0-0: Ball
1-0: Ball
2-0: Swinging Strike
2-1: Fly out, F9 (Line Drive, 89M)
Batting: RHB Mike Wagner 0-0: Hit by Pitch
Pinch Runner at 1st Raúl Flores:
Batting: RHB Sean White 0-0: Called Strike
0-1: Fly out, F3 (Popup, 3F)
Batting: RHB Mario Solís 0-0: Ball
1-0: Ball
2-0: Ball
3-0: Base on Balls
Raúl Flores to second
Pitching: RHP Leonard Christensen
Batting: RHB Jorge Castillo 0-0: Called Strike
0-1: Swinging Strike
0-2: Ball
1-2: Ball
Wild Pitch!
Raúl Flores to third
Mario Solís to second
2-2: Foul Ball, location: 2F
2-2: Ball
3-2: Strikes out swinging
Bottom of the 6th over - 0 runs, 0 hits, 0 errors, 2 left on base; Penquannock 9 - Buffalo 0
TOP OF THE 7TH
Penquannock Overrated Jeter batting - Pitching for Buffalo LightSabres : RHP Joe Hopkins
Now in CF: Raúl Flores
Batting: RHB Bernardo Enríquez 0-0: Called Strike
0-1: Foul Ball, location: 2F
0-2: Ground out 6-3 (Groundball, 6)
Batting: LHB Félix Costa 0-0: Called Strike
0-1: Ball
1-1: SOLO HOME RUN (Flyball, 9D), Distance : 387 ft
Pitching: LHP Bobby MacGruder
Batting: SHB Cristián López 0-0: Called Strike
0-1: Called Strike
0-2: Ball
1-2: Strikes out swinging
Batting: LHB Pete Weber 0-0: Foul Ball, location: 2F
0-1: Swinging Strike
0-2: Strikes out looking
Top of the 7th over - 1 run, 1 hit, 0 errors, 0 left on base; Penquannock 10 - Buffalo 0
BOTTOM OF THE 7TH
Buffalo LightSabres batting - Pitching for Penquannock Overrated Jeter : RHP Leonard Christensen
Batting: RHB Donato Gozende 0-0: Ball
1-0: Ball
2-0: Ball
3-0: Base on Balls
Batting: LHB Emílio Montoya 0-0: Fielders Choice at 2nd, 4-6 (Groundball, 34)
Batting: RHB Huub Stolk 0-0: Swinging Strike
0-1: Foul Ball, location: 2F
0-2: Strikes out swinging
Batting: RHB Pedro Romero 0-0: Called Strike
Emílio Montoya steals 2nd base
0-1: Ball
1-1: Swinging Strike
1-2: Foul Ball, location: 2F
1-2: Foul Ball, location: 2F
1-2: Strikes out looking
Bottom of the 7th over - 0 runs, 0 hits, 0 errors, 1 left on base; Penquannock 10 - Buffalo 0
TOP OF THE 8TH
Penquannock Overrated Jeter batting - Pitching for Buffalo LightSabres : LHP Bobby MacGruder
Batting: LHB Matt Reese 0-0: Ball
1-0: Ball
2-0: Foul Ball, location: 2F
2-1: Swinging Strike
2-2: Ball
3-2: Ground out 4-3 (Groundball, 4)
Batting: SHB Francisco Ávila 0-0: Called Strike
0-1: Foul Ball, location: 2F
0-2: SINGLE (Line Drive, 8RS)
Batting: RHB Manny Perea 0-0: Foul Ball, location: 2F
0-1: Ball
1-1: SINGLE (Groundball, 6MD)
Francisco Ávila to second
Batting: LHB Pepe González 0-0: Hit by Pitch
Francisco Ávila to third
Manny Perea to second
Batting: RHB Phil Wright 0-0: Called Strike
0-1: Ball
1-1: Ball
2-1: Ball
3-1: Base on Balls
Francisco Ávila scores
Manny Perea to third
Pepe González to second
Batting: RHB Bernardo Enríquez 0-0: Ball
1-0: Foul Ball, location: 2F
1-1: Ball
2-1: Grounds into double play, 5-4-3 (Groundball, 56)
Top of the 8th over - 1 run, 2 hits, 0 errors, 2 left on base; Penquannock 11 - Buffalo 0
BOTTOM OF THE 8TH
Buffalo LightSabres batting - Pitching for Penquannock Overrated Jeter : RHP Leonard Christensen
Batting: RHB Lou Hammond 0-0: Ball
1-0: Swinging Strike
1-1: Foul Ball, location: 2F
1-2: Ball
2-2: Strikes out swinging
Batting: RHB Raúl Flores 0-0: Called Strike
0-1: Ball
1-1: Ball
2-1: Swinging Strike
2-2: Foul Ball, location: 2F
2-2: Strikes out swinging
Batting: RHB Sean White 0-0: Called Strike
0-1: Ground out 5-3 (Groundball, 56)
Bottom of the 8th over - 0 runs, 0 hits, 0 errors, 0 left on base; Penquannock 11 - Buffalo 0
TOP OF THE 9TH
Penquannock Overrated Jeter batting - Pitching for Buffalo LightSabres : LHP Bobby MacGruder
Batting: LHB Félix Costa 0-0: Swinging Strike
0-1: Called Strike
0-2: Foul Ball, location: 2F
0-2: Ball
1-2: Foul Ball, location: 2F
1-2: Strikes out swinging
Batting: SHB Cristián López 0-0: Fly out, F7 (Line Drive, 7S)
Batting: LHB Pete Weber 0-0: Ball
1-0: Ball
2-0: Called Strike
2-1: Ground out 6-3 (Groundball, 6)
Top of the 9th over - 0 runs, 0 hits, 0 errors, 0 left on base; Penquannock 11 - Buffalo 0
BOTTOM OF THE 9TH
Buffalo LightSabres batting - Pitching for Penquannock Overrated Jeter : RHP Leonard Christensen
Batting: RHB Mario Solís 0-0: Ball
1-0: SINGLE (Flyball, 9LS)
Batting: RHB Jorge Castillo 0-0: Foul Ball, location: 2F
0-1: Ball
1-1: DOUBLE (Groundball, 5L)
Mario Solís to third
Batting: RHB Donato Gozende 0-0: Swinging Strike
0-1: Ball
1-1: Ball
2-1: SINGLE (Groundball, 34D)
Mario Solís scores
Jorge Castillo to third
Batting: LHB Emílio Montoya 0-0: Ball
1-0: Ball
2-0: Ball
3-0: Base on Balls
Donato Gozende to second
Batting: RHB Huub Stolk 0-0: Ball
1-0: DOUBLE (Flyball, 78D)
Jorge Castillo scores
Donato Gozende scores
Emílio Montoya to third
Batting: RHB Pedro Romero 0-0: Foul Ball, location: 2F
0-1: Swinging Strike
0-2: Ball
1-2: Strikes out looking
Batting: RHB Lou Hammond 0-0: Ball
1-0: Ball
2-0: Ball
3-0: Base on Balls
Batting: RHB Raúl Flores 0-0: Ball
1-0: Fielders Choice at 2nd, 4-6 (Groundball, 4)
Emílio Montoya scores
Huub Stolk to third
Pinch Hitting: LHB Rob Davidson 0-0: Ball
1-0: Called Strike
1-1: Ball
2-1: Foul Ball, location: 2F
2-2: Fly out, F8 (Flyball, 8LS)
Bottom of the 9th over - 4 runs, 4 hits, 0 errors, 2 left on base; Penquannock 11 - Buffalo 4
Saturday, December 16th, 2017 - OOTP Baseball 18.8 Build 76